 Dungeon Crawl Stone Soup version 0.22.1-6-g1668fe2 (webtiles) character file.

572 Kairos the Chopper (level 7, 37/37 HPs)
             Began as a Vine Stalker Fighter on Jan 23, 2019.
             Quit the game on level 3 of the Dungeon.
             The game lasted 00:04:30 (2509 turns).

Kairos the Chopper (Vine Stalker Fighter)           Turns: 2509, Time: 00:04:31

Health: 37/37      AC: 10    Str: 19 (20) XL:     7   Next: 34%
Magic:  8/8        EV:  9    Int:  5 (8)  God:
Gold:   193        SH:  9    Dex: 11 (14) Spells: 6/6 levels left

rFire    . . .     SeeInvis .   a - +0 war axe
rCold    . . .     Gourm    .   c - +0 shield
rNeg     . . .     Faith    .   j - +0 ring mail (curse)
rPois    .         Spirit   +   (no helmet)
rElec    .         Reflect  .   g - +2 cloak
rCorr    .         Harm     .   n - +0 pair of gloves
MR       .....                  (no boots)
Stlth    +.........             (no amulet)
HPRegen  0.52/turn              (no ring)
MPRegen  0.11/turn              (no ring)

@: no status effects
A: fangs 2, regeneration 1, magic shield, antimagic bite, no potion heal 3, rot
immunity
a: no special abilities


You were on level 3 of the Dungeon.
You were not hungry.

You visited 1 branch of the dungeon, and saw 4 of its levels.
You also visited: Sewer.

You collected 193 gold pieces.

Inventory:

Hand Weapons
 a - a +0 war axe (weapon)
Armour
 b - a +0 scale mail
 c - a +0 shield (worn)
 g - a +2 cloak (worn)
 j - a cursed +0 ring mail (worn)
 n - a +0 pair of gloves (worn)
 o - a +0 leather armour
Scrolls
 e - 3 scrolls of remove curse
 i - a scroll of teleportation
 l - a scroll of enchant armour
 t - a scroll of identify
Potions
 d - a potion of might
 h - 3 potions of curing
 k - a potion of degeneration
 m - a potion of magic
 p - 2 potions of heal wounds
 q - a potion of flight
Comestibles
 f - 5 rations


   Skills:
 + Level 3.8 Fighting
 + Level 4.9 Axes
 + Level 3.2 Armour
 + Level 1.5 Dodging
 + Level 0.2 Stealth
 + Level 3.9 Shields


You had 6 spell levels left.
You didn't know any spells.
Your spell library contained the following spells:

 Spells                   Type           Power        Failure   Level  Hunger
 Flame Tongue             Conj/Fire      #....        98%         1    ##.....
 Cause Fear               Hex            #.........   100%        4    #####..
 Bolt of Fire             Conj/Fire      #.........   100%        6    #######
 Dragon Form              Tmut           #.........   100%        7    #######
 Dragon's Call            Summ           #.........   100%        9    #######


Dungeon Overview and Level Annotations

Branches:
Dungeon (4/15)
 Temple: D:4-7

Altars:
Dithmenos
Makhleb
Qazlal


Innate Abilities, Weirdness & Mutations

You have extremely sharp teeth.
Your natural rate of healing is unusually fast.
When hurt, damage is shared between your health and your magic reserves.
Your bite disrupts and absorbs the magic of your enemies.
Potions cannot restore your health.
You are immune to rotting.


Message History

Items here: ))) [[ a dagger; a ring mail; a dagger; a morningstar; a leather armour You open the door.
There is an open door here.
Done exploring.
No target in view!
Done exploring.
Done exploring.
No target in view!
Done exploring.
No target in view!
Done exploring.
No target in view!
Done exploring.
Okay, then.
As you read the scroll labeled EBROSY COITSI, it crumbles to dust.
The air around you briefly surges with heat, but it dissipates.
It was a scroll of immolation.
Okay, then.
Are you sure you want to abandon this character and quit the game? (Confirm

#.##.........#####.#..#
#.........#.## #.#..#
#####........#######.#..#
#.....#.#...## #........#
#.###..>##.## #.#####(##
#.# ######.# #.#####.#
#.# #.# #.##....# #)#
##+## #.##.##.# #.#
##...## #@##.##.# #.#
##.....###.......# ..#
##.......#####..###
..####.........####...##
.....'.........'.......#
..####.........####...##
.## ##.....<.## ##..# ##
##.....########.# #
##..........##.#


There were no monsters in sight!

Vanquished Creatures
  A big kobold (Sewer)
  A water moccasin skeleton (D:2)
  A scorpion (D:4)
  A howler monkey (D:4)
  2 orc priests (D:3)
  2 orc wizards (D:3)
  A worker ant (D:3)
  7 adders
  2 river rats (Sewer)
  4 oozes
  3 worms
  2 dart slugs (D:1)
  4 leopard geckos
  13 orcs
  A ball python (D:2)
  3 bats
  2 giant cockroaches (D:4)
  10 hobgoblins
  9 jackals
  6 kobolds
  A quokka (D:2)
  6 frilled lizards (D:1)
  8 goblins
  10 rats
100 creatures vanquished.

Notes
Turn   | Place    | Note
-------+----------+-------------------------------------------
     0 | D:1      | Kairos the Vine Stalker Fighter began the quest for the
                  | Orb.
     0 | D:1      | Reached XP level 1. HP: 11/11 MP: 2/2
    62 | D:1      | Reached XP level 2. HP: 10/16 MP: 3/3
    64 | D:1      | Reached skill level 2 in Axes
   636 | D:1      | Reached XP level 3. HP: 18/19 MP: 4/4
  1096 | D:2      | Gained mutation: Your natural rate of healing is unusually
                  | fast. [Vine Stalker growth]
  1096 | D:2      | Reached XP level 4. HP: 11/24 MP: 3/5
  1126 | D:2      | Reached skill level 3 in Axes
  1126 | D:2      | Reached XP level 5. HP: 24/28 MP: 4/6
  1304 | D:2      | Found a shadowy altar of Dithmenos.
  1304 | D:2      | Found a burning altar of Makhleb.
  1352 | D:2      | Found a stormy altar of Qazlal.
  1353 | D:2      | You fall through a shaft for 2 floors!
  1374 | D:4      | Reached skill level 1 in Dodging
  1420 | D:4      | Found a glowing drain.
  1442 | Sewer    | Entered a sewer
  1450 | Sewer    | Reached XP level 6. HP: 32/32 MP: 7/7
  1521 | Sewer    | Reached skill level 4 in Axes
  1543 | Sewer    | Found a glowing silver altar of Zin.
  1938 | D:3      | Reached XP level 7. HP: 24/36 MP: 8/8
  2509 | D:3      | Quit the game

Skill      XL: |  1  2  3  4  5  6 |
---------------+-------------------+-----
Axes           | 2 3 4 |  4.9
Shields        | 3 |  3.9
Fighting       | 3 |  3.8
Armour         | 3 |  3.2
Dodging        | 1 |  1.5
Stealth        | |  0.2

Action                   |  1- 3 |  4- 6 |  7- 9 || total
-------------------------+-------+-------+-------++-------
Melee: War axe           |    93 |   155 |    49 ||   297
       Bite              |    19 |    43 |    14 ||    76
  Use: Scroll            |     4 |     5 |     1 ||    10
       Potion            |       |       |     3 ||     3
  Eat: Chunk             |       |     4 |     2 ||     6
Armor: Scale mail        |    44 |       |       ||    44
       Leather armour    |    11 |     3 |       ||    14
       Ring mail         |       |    49 |    23 ||    72
Dodge: Dodged            |    44 |    58 |    17 ||   119
Block: Shield            |    60 |    72 |    24 ||   156
